 Dungeon Sprint DCSS version 0.31-a0-1074-g0b22e4e0f1 (webtiles) character file.

Game seed: 17801357390202423707

5171 tbh1313 the Bludgeoner (level 10, 0/115 HPs)
             Began as an Ogre Berserker on Nov 28, 2023.
             Was a High Priest of Trog.
             Slain by Sonja
             ... wielding a +1 dagger of distortion
              (2 damage)
             ... in the Dungeon (Sprint I: "Red Sonja").
             The game lasted 00:10:18 (1728 turns).

tbh1313 the Bludgeoner (Ogre Berserker)             Turns: 1728, Time: 00:10:19

Health: 0/115      AC:  5    Str: 27    XL:     10   Next: 59%
Magic:  10/10      EV: 11    Int:  8    God:    Trog [*****.]
Gold:   340        SH:  0    Dex:  8    Spells: 9/9 levels left

rFire   . . .        d - +5 giant club "Oggat" {flame, Fragile rElec SInv}
rCold   . . .        (shield currently unavailable)
rNeg    . . .        m - +1 robe {Will+}
rPois   .            c - +1 hat
rElec   +            (no cloak)
rCorr   .            (gloves unavailable)
SInv    +            (boots unavailable)
Will    ++++.        (no amulet)
Stlth   +            (no ring)
HPRegen 1.39/turn    (no ring)
MPRegen 0.12/turn

%: no teleportation
@: mighty, strong-willed, on berserk cooldown, regenerating, slowed, very slow
A: large, unfitting armour, tough skin 1
a: Renounce Religion, Berserk, Trog's Hand, Brothers in Arms


You were in the Dungeon.
You worshipped Trog.
Trog was extremely pleased with you.
You visited 1 branch You collected 765 gold pieces.
You spent 425 gold pieces at shops.

Inventory:

Hand Weapons
 a - a +0 mace
 b - a +0 orcbow
 d - the +5 giant club "Oggat" (weapon) {flame, Fragile rElec SInv}
   (Trog gifted it to you in the Dungeon)

   rElec:     It insulates you from electricity.
   SInv:      It lets you see invisible.
   Fragile:   It will be destroyed if unequipped.
 j - a +0 giant club
Armour
 c - a +1 hat (worn)
 m - a +1 robe of willpower (worn)
Wands
 i - a wand of roots (6)
Scrolls
 h - a scroll of blinking
 l - 3 scrolls of identify
Potions
 e - 2 potions of haste
 f - 2 potions of magic
 g - a potion of berserk rage
 k - a potion of enlightenment


   Skills:
 - Level 12.0 Fighting
 - Level 19.0 Maces & Flails
 + Level 4.1 Armour
 + Level 8.5 Dodging


You had 9 spell levels left.
You didn't know any spells.
Your spell library was empty.

Dungeon Overview and Level Annotations

Branches:
Dungeon (1/1)

Altars:
Cheibriados
Dithmenos
Elyvilon
Fedhas
Gozag
Hepliaklqana
Kikubaaqudgha
Makhleb
Nemelex Xobeh
Okawaru
Qazlal
Ru
Sif Muna
Trog
Uskayaw
Vehumet
Wu Jian
Xom
Yredelemnul
Zin
The Shining One
Jiyva
Lugonu

Shops:
D :!?***[=*[[[![*

Annotations:
D Sonja


Innate Abilities, Weirdness & Mutations

You are too large for most types of armour.
You have tough skin. (AC +1)


Message History

Sonja hits you with a +1 dagger of distortion!
Sonja barely misses you.
Sonja hits you with a +1 dagger of distortion.
Space warps around you.
You completely miss Sonja.
Sonja is lightly wounded.
Sonja hits you with a +1 dagger of distortion.
Space warps around you.
Sonja hits you with a +1 dagger of distortion.
Space warps around you. Sonja closely misses you.
You're still recovering from your berserk rage.
You're still recovering from your berserk rage.
You barely miss Sonja.
Sonja is lightly wounded.
Sonja hits you with a +1 dagger of distortion!
Space warps around you. Sonja barely misses you.
Sonja hits you with a +1 dagger of distortion.
Space warps around you.
Sonja hits you with a +1 dagger of distortion.
Sonja hits you but does no damage. Space warps around you.
Sonja hits you but does no damage. Space warps around you.
You feel very mighty all of a sudden. Sonja closely misses you.
Sonja hits you but does no damage. Space warps around you.
Sonja hits you with a +1 dagger of distortion.
Space warps around you. Sonja closely misses you.
Sonja hits you with a +1 dagger of distortion.
* * * LOW HITPOINT WARNING * * *
Sonja hits you but does no damage. Space warps horribly around you!
* * * LOW HITPOINT WARNING * * *
You miss Sonja.
Sonja is lightly wounded.
Sonja hits you with a +1 dagger of distortion.
* * * LOW HITPOINT WARNING * * *
Space warps horribly around you!
* * * LOW HITPOINT WARNING * * *
Sonja barely misses you.
Sonja hits you with a +1 dagger of distortion.
You die...
Sonja applauds herself.

#..#####'#####'#__####...+
#..####..#...#)####§:#####
#..#__####..##.#~~§§§#§§#
#..#_____##'#_.'§~§§§'§§#
#⌠⌠#_.∩...'..._#§~~§.#..#
####_..__##_.#'##'#####'###
#_____###+#.#)[..# #.'.#
#########.####'### ###.#
+$.$'@K...+ #.#
#$.$###########§# ##.
#.......##.# # #........§§#
#'''######.# #).§§§§§.#§#
######†.÷†.§§#§§#
#(.().......~####
#..[.......~~#


You could see Sonja.

Levels and vault maps discovered:
D:        dungeon_sprint_1 [red_sonja_temple_1, red_sonja_temple_small_1]

Notes
Turn   | Place    | Note
-------+----------+-------------------------------------------
     0 | D        | tbh1313 the Ogre Berserker began the quest for the Orb.
     0 | D        | Reached XP level 1. HP: 24/24 MP: 1/1
     1 | D        | Noticed Ijyb
     5 | D        | Killed Ijyb
     6 | D        | Reached skill level 5 in Fighting
     6 | D        | Reached skill level 4 in Maces & Flails
     6 | D        | Reached XP level 2. HP: 36/36 MP: 2/2
     6 | D        | Reached XP level 3. HP: 44/44 MP: 3/3
    49 | D        | Noticed an ogre
    54 | D        | Killed an ogre
    55 | D        | Reached skill level 5 in Maces & Flails
    55 | D        | Reached XP level 4. HP: 55/55 MP: 4/4
    78 | D        | Noticed Sigmund
   104 | D        | HP: 4/82 [something (7)]
   106 | D        | Killed Sigmund
   106 | D        | Reached ** piety under Trog
   107 | D        | Reached skill level 8 in Maces & Flails
   107 | D        | Reached XP level 5. HP: 6/62 MP: 5/5
   107 | D        | Reached XP level 6. HP: 7/71 MP: 6/6
   321 | D        | Found an ornate altar of the Wu Jian Council.
   321 | D        | Found a shimmering blue altar of Sif Muna.
   323 | D        | Found a radiant altar of Vehumet.
   332 | D        | Reached skill level 9 in Maces & Flails
   437 | D        | Found Etsounlu's Book Emporium.
   437 | D        | Found an ancient bone altar of Kikubaaqudgha.
   437 | D        | Found a hazy altar of Hepliaklqana.
   437 | D        | Found a stormy altar of Qazlal.
   437 | D        | Found a hide-covered altar of Uskayaw.
   437 | D        | Found a blossoming altar of Fedhas.
   437 | D        | Found a bloodstained altar of Trog.
   437 | D        | Found an iron altar of Okawaru.
   437 | D        | Found a basalt altar of Yredelemnul.
   437 | D        | Found a glowing golden altar of the Shining One.
   437 | D        | Found a snail-covered altar of Cheibriados.
   437 | D        | Found a sacrificial altar of Ru.
   437 | D        | Found a glowing silver altar of Zin.
   437 | D        | Found a shadowy altar of Dithmenos.
   437 | D        | Found a white marble altar of Elyvilon.
   437 | D        | Noticed a yak
   441 | D        | Killed a yak
   442 | D        | Reached skill level 11 in Maces & Flails
   442 | D        | Reached XP level 7. HP: 71/78 MP: 7/7
   445 | D        | Found an opulent altar of Gozag.
   459 | D        | Found a sparkling altar of Nemelex Xobeh.
   480 | D        | Found a viscous altar of Jiyva.
   480 | D        | Found a corrupted altar of Lugonu.
   480 | D        | Noticed a slime creature
   481 | D        | Found a burning altar of Makhleb.
   481 | D        | Found a shimmering altar of Xom.
   486 | D        | Killed a slime creature
   487 | D        | Reached skill level 12 in Maces & Flails
   505 | D        | Noticed a kobold demonologist
   505 | D        | Noticed a glass eye
   505 | D        | Noticed a kobold demonologist
   508 | D        | Noticed a red devil
   511 | D        | Noticed a rust devil
   514 | D        | Killed a glass eye
   514 | D        | Reached *** piety under Trog
   515 | D        | Reached skill level 13 in Maces & Flails
   518 | D        | Killed a kobold demonologist
   519 | D        | Reached skill level 14 in Maces & Flails
   519 | D        | Reached XP level 8. HP: 84/87 MP: 8/8
   523 | D        | HP: 11/130 [red devil/+0 trident[a kobold demonologist]
                  | (22)]
   525 | D        | Killed a kobold demonologist
   526 | D        | Reached skill level 15 in Maces & Flails
   748 | D        | Noticed a centaur warrior
   754 | D        | Noticed a centaur warrior
   767 | D        | Killed a centaur warrior
   767 | D        | Reached **** piety under Trog
   768 | D        | Reached skill level 16 in Maces & Flails
   768 | D        | Reached XP level 9. HP: 83/93 MP: 9/9
   772 | D        | Killed a centaur warrior
   773 | D        | Reached skill level 17 in Maces & Flails
   915 | D        | Noticed a hornet
   921 | D        | Killed a hornet
   922 | D        | Reached skill level 18 in Maces & Flails
   957 | D        | Noticed an oklob plant
   963 | D        | Killed an oklob plant
  1037 | D        | Reached skill level 19 in Maces & Flails
  1037 | D        | Reached XP level 10. HP: 82/102 MP: 10/10
  1118 | D        | Killed an unseen horror
  1327 | D        | Killed an unseen horror
  1327 | D        | Reached ***** piety under Trog
  1328 | D        | Reached skill level 10 in Fighting
  1455 | D        | Identified the +5 giant club "Oggat" {flame, Fragile rElec
                  | SInv} (Trog gifted it to you in the Dungeon)
  1455 | D        | Received a gift from Trog
  1470 | D        | Reached skill level 1 in Armour
  1581 | D        | Received a gift from Trog
  1586 | D        | Identified the +4 scale mail of Feishutumo {rC- rCorr Dex+3
                  | Slay+3}
  1634 | D        | Found Qagaqino's Magic Scroll Shoppe.
  1634 | D        | Found Xoruawk's Distillery.
  1634 | D        | Found Salun's Assorted Antiques.
  1636 | D        | Found Emiushrei's General Store.
  1636 | D        | Found Otink's General Store.
  1636 | D        | Found Voetzotu's Antique Armour Shoppe.
  1636 | D        | Found Bethry's Jewellery Boutique.
  1636 | D        | Found Nehygis's General Store.
  1636 | D        | Found Zisyraz's Armour Shop.
  1636 | D        | Found Pusch's Antique Armour Shoppe.
  1642 | D        | Bought a scroll of identify for 24 gold pieces
  1642 | D        | Bought a scroll of identify for 24 gold pieces
  1642 | D        | Bought a scroll of identify for 24 gold pieces
  1644 | D        | Found Kagasich's Armour Boutique.
  1645 | D        | Found Hicidd's Armour Emporium.
  1645 | D        | Found Gamid's Distillery.
  1646 | D        | Bought a scroll of identify for 20 gold pieces
  1646 | D        | Found Nusiniq's General Store.
  1652 | D        | Bought a +1 robe of willpower for 127 gold pieces
  1664 | D        | Bought a +1 hat for 154 gold pieces
  1670 | D        | Bought a potion of might for 52 gold pieces
  1701 | D        | Noticed a deep troll
  1703 | D        | Killed a deep troll
  1721 | D        | Noticed Sonja
  1728 | D        | HP: 2/115 [Sonja/+1 dagger of distortion (15)]
  1728 | D        | Slain by Sonja

Table legend: (Time is in decaauts)
 A = Elapsed time spent in this place.
 B = Non-inter-level travel time spent in this place.
 C = Inter-level travel time spent in this place.
 D = Time resting spent in this place.
 E = Time spent auto-exploring this place.
 F = Levels seen in this place.
 G = Mean time per level.
                   A        B        C        D        E       F      G
               +--------+--------+--------+--------+--------+-----+--------+
         Total |   1782 |   1762 |     20 |   1283 |     14 |   1 | 1782.0 |
       Dungeon |   1782 |   1762 |     20 |   1283 |     14 |   1 | 1782.0 |
               +--------+--------+--------+--------+--------+-----+--------+

Top non-repeatable levels by time:
       D: 1782 daAuts

Table legend:
 A = Kills in this place as a percentage of kills in the entire game.
 B = Kills by you in this place as a percentage of kills by you in the entire game.
 C = Kills by friends in this place as a percentage of kills by friends in the entire game.
 D = Other kills in this place as a percentage of other kills in the entire game.
 E = Experience gained in this place as a percentage of experience gained in the entire game.
 F = Experience gained in this place divided by the number of levels of this place that you have seen.
                   A       B       C       D       E      F
               +-------+-------+-------+-------+-------+----------------------
         Total | 100.0 | 100.0 |   N/A |   N/A | 100.0 | 7388.0
       Dungeon | 100.0 | 100.0 |   N/A |   N/A | 100.0 | 7388.0
               +-------+-------+-------+-------+-------+----------------------

Action                     |  1- 3 |  4- 6 |  7- 9 | 10-12 || total
---------------------------+-------+-------+-------+-------++-------
  Melee: Mace              |     7 |    21 |       |       ||    28
         Giant club        |       |     4 |    48 |    60 ||   112
 Invoke: Berserk           |     2 |     1 |     4 |     3 ||    10
         Trog's Hand       |       |       |     2 |     2 ||     4
    Use: Potion            |       |     1 |       |     2 ||     3
         Scroll            |       |       |       |     3 ||     3
 Armour: Animal skin       |     1 |    12 |       |       ||    13
         Robe              |       |     3 |    40 |    71 ||   114
  Dodge: Dodged            |     2 |     8 |    17 |    20 ||    47

Vanquished Creatures
  2 centaur warriors (D)
  A deep troll (D)
  An oklob plant (D)
  2 unseen horrors (D)
  2 kobold demonologists (D)
  A hornet (D)
  2 glass eyes (D)
  A slime creature (D)
  Sigmund (D)
  A yak (D)
  2 redbacks (D)
  An ogre (D)
  7 necrophages (D)
  8 jellies (D)
  Ijyb (D)
33 creatures vanquished.
